 Dungeon Crawl Stone Soup version 0.30-a0-605-gb2882149bf (webtiles) character file.

Game seed: 6230450191383614692

30 NinjaNoafa the Digger (level 3, -3/25 HPs)
             Began as a Gnoll Earth Elementalist on Jan 8, 2023.
             Slain by a gnoll
             ... wielding a +0 flail
              (6 damage)
             ... on level 2 of the Dungeon.
             The game lasted 00:01:26 (1040 turns).

NinjaNoafa the Digger (Gnoll Earth Elementalist)    Turns: 1040, Time: 00:01:27

Health: -3/25      AC:  3    Str: 13    XL:     3   Next: 20%
Magic:  5/9        EV: 14    Int: 16    God:
Gold:   68         SH:  0    Dex: 18    Spells: 9/12 levels left

rFire   . . .      SeeInvis .    o - +0 short sword
rCold   . . .      Faith    .    (no shield)
rNeg    . . .      Spirit   .    a - +0 robe
rPois   .          Reflect  .    n - +0 helmet
rElec   .          Harm     .    (no cloak)
rCorr   .          Rampage  .    (no gloves)
Will    .....                    (no boots)
Stlth   +++                      (no amulet)
HPRegen 0.24/turn                c - +6 ring of dexterity
MPRegen 0.11/turn                f - +6 ring of strength

@: no status effects
A: fangs 1, strong nose, distributed training
a: no special abilities


You were on level 2 of the Dungeon.
You visited 1 branch of the dungeon, and saw 2 of its levels.

You collected 68 gold pieces.

Inventory:

Hand Weapons
 o - a +0 short sword (weapon)
Missiles
 l - 2 poisoned darts
Armour
 a - a +0 robe (worn)
 m - a +0 cloak
 n - a +0 helmet (worn)
Jewellery
 c - a +6 ring of dexterity (left hand)
 f - a +6 ring of strength (right hand)
Scrolls
 e - a scroll of magic mapping {unknown}
 h - a scroll of identify {unknown}
 j - a scroll of enchant weapon {unknown}
 k - a scroll of fear {unknown}
Potions
 b - a potion of magic
 d - 2 potions of curing {unknown}
 g - a potion of might {unknown}
 i - a potion of attraction {unknown}


   Skills:
 + Level 0.7 Fighting
 + Level 0.7 Short Blades
 + Level 0.7 Long Blades
 + Level 0.7 Axes
 + Level 0.7 Maces & Flails
 + Level 0.7 Polearms
 + Level 0.7 Staves
 + Level 0.7 Ranged Weapons
 + Level 0.7 Throwing
 + Level 0.7 Armour
 + Level 4.5 Dodging
 + Level 4.1 Stealth
 + Level 0.7 Shields
 + Level 0.7 Unarmed Combat
 + Level 5.0 Spellcasting
 + Level 0.5 Conjurations
 + Level 0.5 Hexes
 + Level 0.5 Summonings
 + Level 0.5 Necromancy
 + Level 0.5 Translocations
 + Level 2.1 Transmutations
 + Level 0.5 Fire Magic
 + Level 0.5 Ice Magic
 + Level 0.5 Air Magic
 + Level 5.4 Earth Magic
 + Level 0.5 Poison Magic
 + Level 0.9 Invocations
 + Level 0.7 Evocations


You had 9 spell levels left.
You knew the following spells:

 Your Spells              Type           Power      Damage    Failure   Level
a - Sandblast             Erth           42%        2d11      1%          1
b - Passwall              Tmut/Erth      13%        N/A       4%          2

Your spell library contained the following spells:

 Spells                   Type           Power      Damage    Failure   Level
 Stone Arrow              Conj/Erth      26%        3d8       14%         3
 Cigotuvi's Dreadful Rot  Necr/Pois/Air  10%        N/A       19%         2
 Poisonous Vapours        Pois/Air       10%        N/A       19%         2
 Petrify                  Tmut/Erth      16%        N/A       32%         4
 Mephitic Cloud           Conj/Pois/Air  5%         N/A       36%         3


Dungeon Overview and Level Annotations

Branches:
Dungeon (2/15)

Altars:


Innate Abilities, Weirdness & Mutations

You have very sharp teeth.
Your uncanny sense of smell can sniff out nearby items.
Your experience applies equally to all skills.


Message History

There is an open door here.
A bat is nearby!
A gnoll comes into view. It is wielding a +0 flail.
The gnoll shouts!
You hear a shout!
A quokka comes into view.
There are no items here. 2 gnolls come into view.
The gnoll shouts! x2
You see here a +0 cloak.
m - a +0 cloak The bat barely misses you.
The blast of sand hits the bat!
You kill the bat!
The blast of sand hits the gnoll!
The gnoll is heavily wounded.
The gnoll hits you with a +0 flail. The quokka bites you.
The gnoll closely misses you. The quokka bites you.
The quokka attacks as you move away! The quokka closely misses you.
There is an open door here.
The blast of sand hits the quokka!
You kill the quokka!
Casting: Sandblast (safe; 1% risk of failure)
Confirm with . or Enter, or press ? or * to list all spells.
Aiming: Passwall (safe; 4% risk of failure)
Press: ? - help, Dir - move target A rock wall.
The gnoll barely misses you.
The gnoll hits you from afar with a +0 spear.
You begin to meditate on the wall.
You continue meditating on the rock.
The gnoll hits you but does no damage.
The gnoll hits you from afar with a +0 spear.
The gnoll misses you.
You continue meditating on the rock.
The gnoll hits you with a +0 flail!
The gnoll hits you from afar with a +0 spear.
* * * LOW HITPOINT WARNING * * *
The gnoll misses you.
You continue meditating on the rock.
The gnoll hits you with a +0 flail.
You die...

## ######. #......
############......
#............>....
#.##########......
#.# #...... #@#
#......
###g#######
#......
#..gg.....#
#......
#......(..#
#......
#.........+
.......
#....†....# ####
#.........#
#....../..#
#.........#


You could see 3 gnolls.

Vanquished Creatures
  A ball python (D:2)
  2 endoplasms
  3 giant cockroaches
  3 goblins
  A hobgoblin (D:1)
  6 jackals
  A quokka (D:2)
  3 bats
  A frilled lizard (D:2)
  3 kobolds (D:2)
  2 rats
26 creatures vanquished.

Notes
Turn   | Place    | Note
-------+----------+-------------------------------------------
     0 | D:1      | NinjaNoafa the Gnoll Earth Elementalist began the quest for
                  | the Orb.
     0 | D:1      | Reached XP level 1. HP: 13/13 MP: 6/6
   149 | D:1      | Reached XP level 2. HP: 19/19 MP: 5/7
   667 | D:1      | Learned a level 2 spell: Passwall
   906 | D:2      | Reached skill level 5 in Spellcasting
   906 | D:2      | Reached XP level 3. HP: 23/25 MP: 3/9
  1040 | D:2      | Slain by a gnoll

Illustrated notes

Levels and vault maps discovered:
D:1:      dpeg_arrival_stonehenge_8_columns, layout_loops_ring
D:2:      layout_basic

Skill      XL: |  1  2 |
---------------+-------+-----
Transmutations | 2 |  2.1
Spellcasting   | 5 |  5.0
Fighting       | |  0.7
Short Blades   | |  0.7
Long Blades    | |  0.7
Axes           | |  0.7
Maces & Flails | |  0.7
Polearms       | |  0.7
Staves         | |  0.7
Ranged Weapons | |  0.7
Throwing       | |  0.7
Armour         | |  0.7
Dodging        | |  4.5
Stealth        | |  4.1
Shields        | |  0.7
Unarmed Combat | |  0.7
Conjurations   | |  0.5
Hexes          | |  0.5
Summonings     | |  0.5
Necromancy     | |  0.5
Translocations | |  0.5
Fire Magic     | |  0.5
Ice Magic      | |  0.5
Air Magic      | |  0.5
Earth Magic    | |  5.4
Poison Magic   | |  0.5
Invocations    | |  0.9
Evocations     | |  0.7

Action                   || total
-------------------------++-------
Melee: Dagger            ||     6
       Unarmed           ||     2
 Cast: Sandblast         ||    28
       Passwall          ||     1
Armor: Robe              ||     8
Dodge: Dodged            ||    25

Table legend: (Time is in decaauts)
 A = Elapsed time spent in this place.
 B = Non-inter-level travel time spent in this place.
 C = Inter-level travel time spent in this place.
 D = Time resting spent in this place.
 E = Time spent auto-exploring this place.
 F = Levels seen in this place.
 G = Mean time per level.
                   A        B        C        D        E       F      G
               +--------+--------+--------+--------+--------+-----+--------+
         Total |   1051 |   1037 |     14 |      0 |    873 |   2 |  525.5 |
       Dungeon |   1051 |   1037 |     14 |      0 |    873 |   2 |  525.5 |
               +--------+--------+--------+--------+--------+-----+--------+

Top non-repeatable levels by time:
     D:1: 685 daAuts
     D:2: 366 daAuts
